 Dungeon Crawl Stone Soup version 0.28-a0-823-gb444dcf96d (webtiles) character file.

Game seed: 6518521465018895100

16107 ders the Geomancer (level 12, 0/62 HPs)
             Began as a Gargoyle Earth Elementalist on Nov 10, 2021.
             Was an Elder of Vehumet.
             Slain by a wyvern (12 damage)
             ... on level 1 of the Lair of Beasts.
             The game lasted 00:29:24 (15730 turns).

ders the Geomancer (Gargoyle Earth Elementalist)   Turns: 15730, Time: 00:29:25

Health: 0/62       AC: 18    Str: 20    XL:     12   Next: 34%
Magic:  27/27      EV: 11    Int: 19    God:    Vehumet [****..]
Gold:   782        SH:  0    Dex: 10    Spells: 26/33 levels left

rFire   + . .      SeeInvis .   L - +9 trident "Dongoafa" {protect, rElec rF+}
rCold   + . .      Faith    .   (no shield)
rNeg    + . .      Spirit   .   N - +1 leather armour {rC+}
rPois   ∞          Reflect  .   (no helmet)
rElec   +          Harm     .   q - +0 cloak
rCorr   .          Rampage  .   r - +2 pair of gloves
Will    .....                   p - +0 pair of boots
Stlth   ++........              i - amulet of magic regeneration
HPRegen 0.20/turn               h - +6 ring of strength
MPRegen 0.45/turn               (no ring)

@: about to teleport
A: sickness immunity, AC +8, negative energy resistance 1, electricity
resistance, torment resistance 1, petrification resistance
a: Renounce Religion


You were on level 1 of the Lair of Beasts.
You worshipped Vehumet.
Vehumet was greatly pleased with you.
You visited 3 branches of the dungeon, and saw 14 of its levels.
You also visited: Ossuary.

You collected 782 gold pieces.

Inventory:

Hand Weapons
 c - a +1 flail
 D - a +1 dagger of holy wrath
 L - the +9 trident "Dongoafa" (weapon) {protect, rElec rF+}
   (You found it on level 11 of the Dungeon)

   It grants its wielder temporary protection when it strikes (+7 to AC).
   rF:        It protects you from fire.
   rElec:     It insulates you from electricity.
Missiles
 w - 381 stones
 G - 4 throwing nets
Armour
 b - a +0 robe
 p - a +0 pair of boots (worn)
 q - a +0 cloak (worn)
 r - a +2 pair of gloves (worn)
 N - a +1 leather armour of cold resistance (worn)
Jewellery
 h - a +6 ring of strength (left hand)
 i - an amulet of magic regeneration (around neck)
 l - an amulet of faith
 s - an amulet of guardian spirit
 y - a ring of fire
 C - a +4 ring of evasion
 K - a ring of protection from fire
 S - a ring of magical power
Wands
 j - a wand of polymorph (8)
 o - a wand of digging (3)
 E - a wand of acid (8)
 R - a wand of iceblast (8)
Scrolls
 a - 2 scrolls of amnesia
 m - 2 scrolls of fear
 n - 3 scrolls of noise
 v - 3 scrolls of identify
 A - a scroll of brand weapon {unknown}
 J - a scroll of fog {unknown}
 P - a scroll of magic mapping {unknown}
 Q - a scroll of teleportation
Potions
 d - a potion of heal wounds {unknown}
 e - a potion of lignification {unknown}
 f - 3 potions of flight
 g - 2 potions of degeneration
 k - a potion of resistance {unknown}
 t - a potion of haste {unknown}
 u - 3 potions of might
 x - a potion of attraction
 z - a potion of cancellation {unknown}
 B - 3 potions of curing
 F - a potion of brilliance {unknown}
 I - a potion of ambrosia {unknown}
 M - 2 potions of mutation
Miscellaneous
 O - a box of beasts


   Skills:
 + Level 2.1 Fighting
 + Level 2.3 Maces & Flails
 + Level 1.2 Armour
 - Level 1.5 Dodging
 - Level 2.1 Stealth
 + Level 11.0 Spellcasting
 * Level 12.7 Conjurations
 + Level 0.9 Transmutations
 + Level 12.7 Earth Magic


You had 26 spell levels left.
You knew the following spells:

 Your Spells              Type           Power      Damage    Failure   Level
a - Stone Arrow           Conj/Erth      100%       3d13      1%          3
b - Sandblast             Erth           100%       2d20      1%          1
c - Frozen Ramparts       Ice            20%        1d4       7%          3

Your spell library contained the following spells:

 Spells                   Type           Power      Damage    Failure   Level
 Iskenderun's Mystic Bla  Conj/Tloc      34%        2d8       1%          4
 Passwall                 Tmut/Erth      30%        N/A       1%          2
 Petrify                  Tmut/Erth      36%        N/A       4%          4
 Wereblood                Tmut           13%        N/A       9%          2
 Gell's Gravitas          Tloc           10%        N/A       24%         3
 Portal Projectile        Hex/Tloc       20%        N/A       24%         3
 Teleport Other           Tloc           10%        N/A       24%         3
 Tukima's Dance           Hex            10%        N/A       24%         3
 Yara's Violent Unravell  Hex/Tmut       6%         3d5       41%         5
 Ice Form                 Ice/Tmut       12%        N/A       54%         4
 Passage of Golubria      Tloc           10%        N/A       61%         4
 Summon Ice Beast         Ice/Summ       10%        N/A       61%         4
 Blade Hands              Tmut           6%         N/A       83%         5
 Excruciating Wounds      Necr           5%         N/A       91%         5
 Dispersal                Tloc           5%         N/A       100%        6
 Summon Hydra             Summ           5%         N/A       100%        7
 Sublimation of Blood     Necr           Unusable   N/A       N/A         2

Dungeon Overview and Level Annotations

Branches:
Dungeon (11/15)            Temple (1/1) D:6            Lair (2/6) D:8
    Orc (0/2) D:10        Ossuary (visited)
  Swamp: Lair:2-4    Shoals: Lair:2-4     Snake: Lair:2-4    Spider: Lair:2-4

Altars:
Ashenzari
Cheibriados
Fedhas
Gozag
Hepliaklqana
Makhleb
Nemelex Xobeh
Okawaru
Ru
Sif Muna
Trog
Uskayaw
Vehumet
Wu Jian
Xom
Zin

Shops:
D:6 *

Annotations:
D:4 3 runed translucent doors, Rennog's ghost, novice GnNe
D:5 2 transporters, flotson's ghost, weakling DsDe


Innate Abilities, Weirdness & Mutations

You are immune to sickness and miasma.
Your stone body is resilient. (AC +8)
You are immune to poison.
You resist negative energy. (rN+)
You are resistant to electric shocks. (rElec)
You are resistant to unholy torment.
You are immune to petrification.


Message History

The six-headed hydra bites you.
* * * LOW HITPOINT WARNING * * *
The six-headed hydra bites you but does no damage.
The six-headed hydra bites you.
* * * LOW HITPOINT WARNING * * *
The six-headed hydra bites you but does no damage. x2
You feel better.
The wall freezes the six-headed hydra.
The six-headed hydra seems to slow down.
The six-headed hydra barely misses you. The six-headed hydra bites you.
The six-headed hydra bites you but does no damage.
The six-headed hydra closely misses you.
The six-headed hydra bites you but does no damage.
The six-headed hydra bites you.
* * * LOW HITPOINT WARNING * * *
The wall freezes the wyvern.
The wyvern bites you!
* * * LOW HITPOINT WARNING * * *
Blink to where?
Press: ? - help, Dir - move target Your frozen ramparts will break if you move.
Continue?
The frozen ramparts melt away as you move.
As you read the scroll of blinking, it crumbles to dust.
As you read the scroll of identify, it crumbles to dust.
f - 3 potions of flight
As you read the scroll of identify, it crumbles to dust.
u - 3 potions of might
As you read the scroll of identify, it crumbles to dust.
g - 2 potions of degeneration The six-headed hydra is no longer moving slowly.
As you read the scroll of identify, it crumbles to dust.
M - 2 potions of mutation The wyvern bites you but does no damage.
Casting: Frozen Ramparts (dangerous; 7% risk of failure)
Confirm with . or Enter, or press ? or * to list all spells.
Okay, then.
Okay, then.
You feel better. The wyvern bites you.
* * * LOW HITPOINT WARNING * * *
As you read the scroll of teleportation, it crumbles to dust.
You feel strangely unstable. The wyvern bites you!
You die...

.....##...# #..#..........##
.....##...## #.##...........#
.....#.....#####.##.#........##
....................#........#
.....##.)..#.#P..###.........##
.............##P.####.........#
...##.#+##...###.P# #........##
.............# #.## ##.......#
........#.#..###@# #.#≈≈≈#.#
..#.#...#....##Pl# ##.#≈≈≈#.#
....#.♣..........####..#≈≈≈#.#
..#.....#.#............#≈≈≈..#
..#.....#.#..###D..###.#[#.≈.##
..#......#...##P....#.........#
...###'.##.).###...##........##
###......#####...............#
.##..###..##.♣..#...##.......#


You could see a six-headed hydra and a wyvern.

Vanquished Creatures
  A boulder beetle (D:8)
  Erolcha (D:9)
  2 two-headed ogres
  A cyclops (D:9)
  7 cane toads (Lair:1)
  A gargoyle (D:11)
  Maggie (Lair:1)
  A komodo dragon (D:10)
  A troll (D:9)
  12 yaks
  A basilisk (D:10)
  2 steam dragons
  A fire elemental (Lair:1)
  Menkaure (D:4)
  2 water moccasins
  7 orc warriors
  A black bear (D:7)
  2 hornet zombies
  3 ice beasts
  3 ogres
  10 centaurs
  2 kobold brigands
  3 phantoms
  7 bullfrogs
  A wyvern zombie (D:7)
  A gnoll sergeant (D:11)
  4 scorpions
  11 killer bees
  2 jellies
  17 wights
  A howler monkey (D:5)
  5 electric eels
  8 centaur zombies
  A human zombie (Ossuary)
  A bullfrog zombie (D:5)
  8 orc priests
  A bullfrog skeleton (D:4)
  3 centaur skeletons
  10 orc wizards
  5 iguanas
  2 scorpion zombies (D:5)
  Terence (D:2)
  A killer bee zombie (D:6)
  6 hound zombies (Ossuary)
  3 mummies (Ossuary)
  A hound skeleton (D:5)
  Robin (D:3)
  10 adders
  12 gnolls
  3 shadow imps
  2 adder zombies (Ossuary)
  3 worms
  55 orcs
  2 endoplasms (D:1)
  7 giant cockroaches
  3 gnoll zombies (Ossuary)
  12 goblins
  9 hobgoblins
  7 jackals
  A quokka (D:3)
  10 ball pythons
  5 bats
  6 frilled lizards
  4 goblin zombies
  2 hobgoblin zombies (Ossuary)
  A jackal skeleton (D:4)
  4 jackal zombies (Ossuary)
  19 kobolds
  2 kobold zombies (Ossuary)
  2 orc zombies (Ossuary)
  5 quokka zombies
  5 rats
  3 rat zombies (Ossuary)
361 creatures vanquished.

Vanquished Creatures (others)
  2 fungi (D:8)
  4 plants (D:8)
6 creatures vanquished.

Grand Total: 367 creatures vanquished

Notes
Turn   | Place    | Note
-------+----------+-------------------------------------------
     0 | D:1      | ders the Gargoyle Earth Elementalist began the quest for
                  | the Orb.
     0 | D:1      | Reached XP level 1. HP: 10/10 MP: 3/3
   226 | D:1      | Reached XP level 2. HP: 15/15 MP: 3/5
   573 | D:1      | Found a faded altar of an unknown god.
   785 | D:1      | Reached XP level 3. HP: 19/19 MP: 3/6
   789 | D:1      | Learned a level 3 spell: Stone Arrow
  1322 | D:2      | Noticed Terence
  1335 | D:2      | Killed Terence
  1336 | D:2      | Reached XP level 4. HP: 12/24 MP: 0/8
  1805 | D:2      | Found a shimmering blue altar of Sif Muna.
  2008 | D:3      | Reached skill level 1 in Conjurations
  2020 | D:3      | Reached skill level 5 in Earth Magic
  2062 | D:3      | Reached XP level 5. HP: 28/28 MP: 7/10
  2135 | D:3      | Noticed Robin
  2155 | D:3      | Killed Robin
  2390 | D:3      | Noticed a +0 dagger
  2391 | D:3      | Noticed a +0 falchion
  2391 | D:3      | Noticed a +0 spear
  2392 | D:3      | Noticed a +0 spear
  2393 | D:3      | Noticed a +0 short sword
  2394 | D:3      | Noticed a +0 short sword
  2395 | D:3      | Noticed a +0 falchion
  2395 | D:3      | Noticed a +0 dagger
  2403 | D:3      | Found a hide-covered altar of Uskayaw.
  2561 | D:3      | Found a broken altar of Ashenzari.
  3005 | D:4      | Noticed an ogre
  3009 | D:4      | Killed an ogre
  3010 | D:4      | Reached XP level 6. HP: 33/33 MP: 4/11
  3111 | D:4      | Reached skill level 1 in Maces & Flails
  3191 | D:4      | Found a shimmering altar of Xom.
  3226 | D:4      | Found a runed translucent gate.
  3227 | D:4      | Found a runed translucent gate.
  3230 | D:4      | Found a runed translucent gate.
  3231 | D:4      | Noticed Rennog's ghost (novice GnNe)
  3270 | D:4      | Reached XP level 7. HP: 11/37 MP: 4/13
  3597 | D:4      | Noticed Menkaure
  3603 | D:4      | Killed Menkaure
  3604 | D:4      | Reached skill level 5 in Spellcasting
  3949 | D:5      | Entered Level 5 of the Dungeon
  4253 | D:5      | Found a burning altar of Makhleb.
  4305 | D:5      | Reached XP level 8. HP: 37/42 MP: 12/16
  4361 | D:5      | Noticed flotson's ghost (weakling DsDe)
  4743 | D:5      | Found a transporter.
  4745 | D:5      | Found a shimmering blue altar of Sif Muna.
  4760 | D:5      | Found a transporter.
  5448 | D:6      | Reached XP level 9. HP: 41/46 MP: 19/19
  5480 | D:6      | Found a sand-covered staircase.
  5488 | Ossuary  | Entered an ossuary
  5854 | Ossuary  | Reached skill level 5 in Conjurations
  6502 | D:6      | Found Kuihu's Gadget Gallery.
  6519 | D:6      | Found a staircase to the Ecumenical Temple.
  6539 | Temple   | Entered the Ecumenical Temple
  6548 | Temple   | Became a worshipper of Vehumet
  7061 | D:6      | HP: 1/46 [killer bee (7)]
  7441 | D:7      | Reached * piety under Vehumet
  7441 | D:7      | Offered knowledge of Shock by Vehumet.
  7804 | D:7      | Reached XP level 10. HP: 18/51 MP: 1/22
  8102 | D:7      | Reached skill level 10 in Earth Magic
  8216 | D:7      | Found a hazy altar of Hepliaklqana.
  8997 | D:8      | Found a staircase to the Lair.
  8997 | D:8      | Noticed a boulder beetle
  9007 | D:8      | Killed a boulder beetle
  9008 | D:8      | Reached skill level 1 in Fighting
  9356 | D:8      | Offered knowledge of Poisonous Vapours by Vehumet.
  9360 | D:8      | Reached ** piety under Vehumet
 10626 | D:9      | Reached XP level 11. HP: 54/56 MP: 9/24
 10845 | D:9      | Noticed a cyclops
 10854 | D:9      | Killed a cyclops
 10854 | D:9      | Offered knowledge of Dazzling Flash by Vehumet.
 11017 | D:9      | Identified the +9 quarterstaff of Exoneration {protect,
                  | rPois rN+}
 11028 | D:9      | Noticed a two-headed ogre
 11044 | D:9      | Killed a two-headed ogre
 11045 | D:9      | Reached skill level 10 in Spellcasting
 11045 | D:9      | Reached skill level 10 in Conjurations
 11175 | D:9      | Noticed Erolcha
 11181 | D:9      | Killed Erolcha
 11919 | D:10     | Entered Level 10 of the Dungeon
 12209 | D:10     | Found a staircase to the Orcish Mines.
 12214 | D:10     | Reached *** piety under Vehumet
 12319 | D:10     | Found a snail-covered altar of Cheibriados.
 12319 | D:10     | Found an iron altar of Okawaru.
 12320 | D:10     | Found an ornate altar of the Wu Jian Council.
 12523 | D:10     | Offered knowledge of Iskenderun's Mystic Blast by Vehumet.
 12809 | D:11     | Noticed a two-headed ogre
 12837 | D:11     | Killed a two-headed ogre
 13690 | D:11     | Identified the +9 trident "Dongoafa" {protect, rElec rF+}
 13855 | D:11     | Reached XP level 12. HP: 44/62 MP: 23/26
 14576 | Lair:1   | Entered Level 1 of the Lair of Beasts
 14727 | Lair:1   | Reached skill level 1 in Armour
 15216 | Lair:1   | Noticed Maggie
 15220 | Lair:1   | Killed Maggie
 15220 | Lair:1   | Reached **** piety under Vehumet
 15707 | Lair:2   | Noticed a six-headed hydra
 15714 | Lair:1   | Learned a level 3 spell: Frozen Ramparts
 15730 | Lair:1   | Slain by a wyvern

Illustrated notes

Levels and vault maps discovered:
D:1:      lemuel_arrival_lava_pool, layout_basic,
          chequers_ecumenical_altar_island
D:2:      layout_loops_cross, basic_altar, minivault_23, grunt_decor_junction,
          uniq_terence
D:3:      layout_loops_ring, nicolae_uskayaw_en_pointe,
          ashenzari_conservatory_becter, uniq_robin
D:4:      layout_rooms, mainiacjoe_overflow_cross_hatched,
          ebering_ghost_rock_garden, uniq_menkaure
D:5:      layout_loops_corners, nicolae_sif_muna_little_library, bloody_makhleb,
          gammafunk_ghost_arena, minmay_fractal_squares_gapless_5
D:6:      layout_basic, minmay_temple_entry_slanted, enter_ossuary_4,
          nicolae_shop_gadgets
D:7:      layout_basic, mainiacjoe_overflow_surrounded_room
D:8:      layout_layer_cave, dpeg_oklobed_lair, minmay_misc_feat_tower
D:9:      layout_cave_pods, special_room [special_room_orc],
          minmay_sticks_and_stones, uniq_erolcha
D:10:     layout_irregular_city, gammafunk_temple_overflow_claw, david_orc_2
D:11:     layout_basic
Temple:   cyrus_circular_temple
Lair:1:   layout_gridlike, serial_bayou_pond_a, grunt_megastairs_1, uniq_maggie
Lair:2:   layout_hall_layers

Skill      XL: |  1  2  3  4  5  6  7  8  9 10 11 12 |
---------------+-------------------------------------+-----
Earth Magic    | 4 5 6 7 8 9 11 12 | 12.7
Spellcasting   | 3 4 5 7 8 9 10 11 | 11.0
Conjurations   | 1 2 3 4 7 9 11 12 | 12.7
Maces & Flails | 1 2 |  2.3
Fighting       | 1 2 |  2.1
Armour         | 1 |  1.2
Dodging        | |  1.5
Stealth        | |  2.1
Transmutations | |  0.9

Action                   |  1- 3 |  4- 6 |  7- 9 | 10-12 || total
-------------------------+-------+-------+-------+-------++-------
Melee: Flail             |       |    37 |    30 |     2 ||    69
       Unarmed           |       |     3 |       |       ||     3
Throw: Stone             |     9 |       |       |       ||     9
 Cast: Sandblast         |    55 |    59 |    97 |    31 ||   242
       Stone Arrow       |       |    21 |   149 |   283 ||   453
       Frozen Ramparts   |       |       |       |     1 ||     1
  Use: Scroll            |       |     3 |     8 |     7 ||    18
       Potion            |       |       |     2 |     3 ||     5
Armor: Robe              |    20 |    23 |   109 |    56 ||   208
       Leather armour    |       |       |       |    27 ||    27
Dodge: Dodged            |    35 |    45 |   122 |    95 ||   297

Table legend: (Time is in decaauts)
 A = Elapsed time spent in this place.
 B = Non-inter-level travel time spent in this place.
 C = Inter-level travel time spent in this place.
 D = Time resting spent in this place.
 E = Time spent auto-exploring this place.
 F = Levels seen in this place.
 G = Mean time per level.
                   A        B        C        D        E       F      G
               +--------+--------+--------+--------+--------+-----+--------+
         Total |  15780 |  15055 |    725 |   5773 |   7262 |  15 | 1052.0 |
       Dungeon |  14011 |  13323 |    688 |   5182 |   6365 |  11 | 1273.7 |
        Temple |     16 |      3 |     13 |      0 |      0 |   1 |   16.0 |
          Lair |   1154 |   1131 |     23 |    295 |    722 |   2 |  577.0 |
       Ossuary |    597 |    597 |      0 |    296 |    175 |   1 |  597.0 |
               +--------+--------+--------+--------+--------+-----+--------+

Top non-repeatable levels by time:
     D:8: 2022 daAuts
    D:11: 1533 daAuts
     D:9: 1422 daAuts
     D:7: 1357 daAuts
     D:5: 1210 daAuts
     D:2: 1198 daAuts
     D:6: 1197 daAuts
     D:4: 1159 daAuts
  Lair:1: 1150 daAuts
    D:10: 1083 daAuts
     D:3: 1072 daAuts
     D:1: 754 daAuts
 Ossuary: 597 daAuts
  Temple: 16 daAuts
  Lair:2: 4 daAuts
